 Dungeon Sprint DCSS version 0.19.1-1-g22dce08 (webtiles) character file.

42385 Groucho the Acrobat (level 13, -2/72 HPs)
             Began as a Spriggan Enchanter on Jan 15, 2017.
             Was the Champion of Dithmenos.
             Slain by a reaper
             ... wielding a +1 scythe of flaming
             ... summoned by a mummy priest's death curse
              (38 damage)
             ... in the Dungeon (Sprint VII: "The Pits") on Jan 16, 2017.
             The game lasted 00:34:53 (10544 turns).

Groucho the Acrobat (Spriggan Enchanter)           Turns: 10544, Time: 00:34:56

Health: -2/72      AC: 13    Str:  8    XL:     13   Next: 85%
Magic:  9/35       EV: 38    Int: 18    God:    Dithmenos [******]
Gold:   13         SH:  0    Dex: 19    Spells: 7 memorised, 26 levels left

rFire  . . .     SeeInvis +     O - +10 short sword "Pebluso" {vamp, rPois}
rCold  . . .     Gourm    .     S - +2 swamp dragon scales
rNeg   . . .     Faith    .     (shield restricted)
rPois  +         Spirit   .     (helmet restricted)
rElec  .         Reflect  .     Q - +1 cloak {rPois}
rCorr  .         Harm     .     (gloves unavailable)
MR     ++...     NoTele   +     (boots unavailable)
Stlth  ++++++++++               (no amulet)
                                W - +4 ring of evasion
                                s - +3 ring of dexterity

@: wreathed by umbra, very quick
A: unfitting armour, see invisible, herbivore 3, speed 3, slow metabolism 2
a: Shadow Step, Shadow Form, Renounce Religion


You were in the Dungeon.
You worshipped Dithmenos.
Dithmenos was exalted by your worship.
You were not hungry.

You visited 1 branch You collected 13 gold pieces.

Inventory:

Hand Weapons
 a - a +2 dagger
 q - a +1 dagger of venom
 w - a +2 rapier of venom
 J - a +0 shortbow
 M - a +3 arbalest
 N - a +5 quick blade
 O - the +10 short sword "Pebluso" (weapon) {vamp, rPois}
   (You found it in the Dungeon)

   It inflicts no extra harm, but heals its wielder when it wounds a living foe.
   It protects you from poison.
 U - a +5 short sword of holy wrath
Missiles
 p - 30 stones (quivered)
 K - 235 arrows
Armour
 b - a +1 robe
 L - a cursed +0 buckler
 P - the +0 robe of the Apprentice {Int+3}
   (You found it in the Dungeon)

   It affects your intelligence (+3).
 Q - a +1 cloak of poison resistance (worn)
 R - +3 shadow dragon scales
 S - +2 swamp dragon scales (worn)
 T - a +0 robe of magic resistance
Jewellery
 r - a +3 ring of protection
 s - a +3 ring of dexterity (left hand)
 E - an uncursed ring of protection from magic
 I - an uncursed ring of protection from fire
 V - an uncursed ring of magical power
 W - a +4 ring of evasion (right hand)
Wands
 H - a wand of iceblast (11/15)
Scrolls
 j - a scroll of blinking
 l - 4 scrolls of remove curse
 m - 5 scrolls of amnesia
 n - a scroll of summoning
 x - 4 scrolls of enchant weapon
 y - 2 scrolls of enchant armour
 A - a scroll of fog
 B - a scroll of fear
 C - a scroll of recharging
 D - a scroll of identify
 G - a scroll of magic mapping
Potions
 e - 6 potions of curing
 f - 12 potions of heal wounds
 g - 3 potions of haste
 h - a potion of magic
 i - 7 potions of berserk rage
 k - 2 potions of invisibility
 t - a potion of cure mutation
 u - 4 potions of brilliance
 v - a potion of agility
 z - 2 potions of might
Books
 c - a book of Maledictions

   Spells                             Type                      Level
   a - Corona                         Hexes                        1
   b - Ensorcelled Hibernation        Hexes/Ice                    2
   c - Confuse                        Hexes                        3
   d - Tukima's Dance                 Hexes                        3
   e - Dazzling Spray                 Conjuration/Hexes            3
Comestibles
 d - 10 bread rations
 o - 29 fruits


   Skills:
 - Level 10.0 Fighting
 - Level 10.2 Short Blades
 - Level 10.8 Bows
 + Level 7.9 Armour
 * Level 25.4 Dodging
 - Level 18.0 Stealth
 + Level 5.1 Shields
 - Level 17.0 Spellcasting
 - Level 9.9 Conjurations
 - Level 14.2 Hexes


You had 26 spell levels left.
You knew the following spells:

 Your Spells              Type           Power        Failure   Level  Hunger
a - Corona                Hex            ######.      1%          1    None
b - Ensorcelled Hibernat  Hex/Ice        #####.       1%          2    None
c - Confuse               Hex            ######..     1%          3    None
d - Dazzling Spray        Conj/Hex       ######       1%          3    None
e - Gell's Gravitas       Hex/Tloc       #####.....   1%          3    None
f - Tukima's Dance        Hex            ######..     1%          3    None
g - Metabolic Englaciati  Hex/Ice        #####.....   17%         5    ###....


Dungeon Overview and Level Annotations

Branches:
Dungeon (1/1)

Altars:
Ashenzari
Cheibriados
Dithmenos
Elyvilon
Fedhas
Gozag
Hepliaklqana
Kikubaaqudgha
Makhleb
Nemelex Xobeh
Okawaru
Qazlal
Ru
Sif Muna
Trog
Uskayaw
Vehumet
Xom
Yredelemnul
Zin
The Shining One
Beogh
Jiyva
Lugonu


Innate Abilities, Weirdness & Mutations

You are very small and have problems with some larger weapons.
You are too small for most types of armour.
You have supernaturally acute eyesight. (SInv)
You are a herbivore.
You cover ground extremely quickly.
You need consume almost no food.


Message History

The vampire mage screams, "I'll kill you anyway!"
The vampire mage chortles and stares into space.
The reaper misses you.
You catch the helpless vampire mage completely off-guard!
You impale the vampire mage!!
The vampire mage is heavily damaged.
Your shadow hits the vampire mage with a short sword.
You hit the vampire mage but do no damage.
The vampire mage is heavily damaged.
Your shadow hits the vampire mage but does no damage.
You puncture the vampire mage!
The vampire mage is almost destroyed.
The vampire mage ponders the situation.
You catch the helpless vampire mage completely off-guard!
You spit the vampire mage like a pig!!!
You destroy the vampire mage!
Dithmenos accepts your kill.
The reaper hits you from afar with a scythe of flaming!!!
Ouch! That really hurt!
You die...

+..#....#..# +..........#
#..........#
###########..#....#..#
.........')..........#
.........''....(..§.§#
#######..##..#.)).#.§# #
#..##.....|§§§§+ #..##.....@.2§§+
#..####''####'§#
#..####''####''############ #
#..##......##(()..[.[[..[..
#######..##.#'##.##.(((..[÷[[[.[(
.........##.#[|'.##.(############
.........##.'.:#.##..#))#).#))).#
###########.#..'.##).#))#))##''##
###########.'))#.##.(#.....#.)÷(#


You could see a reaper.

Vanquished Creatures
  A daeva (D)
  2 orc warlords (D)
  An emperor scorpion (D)
  A ghost moth (D)
  A deep elf annihilator (D)
  A merfolk javelineer (D)
  2 mummy priests (D)
  2 yaktaur captains (D)
  A merfolk impaler (D)
  A great orb of eyes (D)
  2 merfolk avatars (D)
  A hydra (D)
  2 naga warriors (D)
  4 vault guards (D)
  An alligator snapping turtle (D)
  A catoblepas (D)
  A death yak (D)
  A vampire mage (D)
  A deep elf knight (D)
  A shadow wraith (D)
  An unseen horror (D)
  2 flayed ghosts (D)
  10 orc knights (D)
  A necromancer (D)
  An orc sorcerer (D)
  2 deep elf magi (D)
  A wolf spider (D)
  A large abomination (D)
  An ugly thing (D)
  Psyche (D)
  2 guardian serpents (D)
  2 black mambas (D)
  An orange demon (D)
  A gargoyle (D)
  A rime drake (D)
  4 yaktaurs (D)
  An efreet (D)
  2 ice devils (D)
  2 guardian mummies (D)
  A demonic crawler (D)
  A red devil (D)
  6 merfolk (D)
  A two-headed ogre (D)
  4 trolls (D)
  6 blink frogs (D)
  3 slime creatures (D)
  A hippogriff (D)
  A snapping turtle (D)
  A flying skull (D)
  Sigmund (D)
  A wraith (D)
  2 spriggans (D)
  A wyvern (D)
  A vampire (D)
  A fire bat (D)
  A basilisk (D)
  3 vampire mosquitoes (D)
  A chaos spawn (D)
  A neqoxec (D)
  A warg (D)
  A swamp drake (D)
  An ice beast (D)
  2 black bears (D)
  An eye of draining (D)
  2 wolves (D)
  2 small abominations (D)
  A centaur (D)
  A bullfrog (D)
  A jelly (D)
  A quasit (D)
  An orc priest (D)
  A gnoll shaman (D)
  2 iron imps (D)
  2 orc wizards (D)
  A worker ant (D)
  2 hell rats (D)
  2 gnolls (D)
  A river rat (D)
  2 ufetubi (D)
  An ooze (D)
  A worm (D)
  A leopard gecko (D)
  2 orcs (D)
  A giant cockroach (D)
  2 hobgoblins (D)
  A ball python (D)
  A ball python zombie (D)
  A bat (D)
  A frilled lizard (D)
  A leopard gecko simulacrum (D)
  A rat (D)
145 creatures vanquished.

Notes
Turn   | Place    | Note
-------+----------+-------------------------------------------
     0 | D        | Groucho the Spriggan Enchanter began the quest for the Orb.
     0 | D        | Reached XP level 1. HP: 9/9 MP: 5/5
    42 | D        | Found a radiant altar of Vehumet.
    42 | D        | Found a hide-covered altar of Uskayaw.
    42 | D        | Found an ancient bone altar of Kikubaaqudgha.
    42 | D        | Found a viscous altar of Jiyva.
    42 | D        | Found a hazy altar of Hepliaklqana.
    43 | D        | Found a bloodstained altar of Trog.
    43 | D        | Found a deep blue altar of Sif Muna.
    43 | D        | Found a sacrificial altar of Ru.
    43 | D        | Found a stormy altar of Qazlal.
    43 | D        | Found an iron altar of Okawaru.
    43 | D        | Found a sparkling altar of Nemelex Xobeh.
    43 | D        | Found an opulent altar of Gozag.
    43 | D        | Found a blossoming altar of Fedhas.
    43 | D        | Found a white marble altar of Elyvilon.
    43 | D        | Found a shadowy altar of Dithmenos.
    43 | D        | Found a snail-covered altar of Cheibriados.
    44 | D        | Found a glowing golden altar of the Shining One.
    44 | D        | Found a glowing silver altar of Zin.
    46 | D        | Found a roughly hewn altar of Beogh.
    46 | D        | Found a burning altar of Makhleb.
    46 | D        | Found a basalt altar of Yredelemnul.
    47 | D        | Found a shattered altar of Ashenzari.
    47 | D        | Found a corrupted altar of Lugonu.
    47 | D        | Found a shimmering altar of Xom.
    52 | D        | Became a worshipper of Dithmenos the Shadowed
    97 | D        | Reached XP level 2. HP: 13/13 MP: 5/7
   100 | D        | Reached * piety under Dithmenos
   100 | D        | Reached skill level 5 in Hexes
   100 | D        | Reached XP level 3. HP: 16/16 MP: 6/10
   376 | D        | Learned a level 2 spell: Ensorcelled Hibernation
   380 | D        | Learned a level 3 spell: Confuse
   384 | D        | Learned a level 3 spell: Dazzling Spray
   440 | D        | Noticed Sigmund
   447 | D        | Reached ** piety under Dithmenos
   455 | D        | Killed Sigmund
   455 | D        | Reached skill level 15 in Stealth
   455 | D        | Reached XP level 4. HP: 21/21 MP: 4/11
   455 | D        | Reached XP level 5. HP: 24/24 MP: 4/13
   773 | D        | Noticed a warg
   773 | D        | Noticed a black bear
   794 | D        | Killed a black bear
   794 | D        | Reached skill level 5 in Spellcasting
   794 | D        | Reached XP level 6. HP: 28/28 MP: 9/15
   815 | D        | Killed a warg
   838 | D        | Reached *** piety under Dithmenos
  1244 | D        | Reached **** piety under Dithmenos
  1246 | D        | Noticed a vampire mosquito
  1251 | D        | Killed a vampire mosquito
  1251 | D        | Reached skill level 5 in Short Blades
  1251 | D        | Reached XP level 7. HP: 27/32 MP: 8/19
  1507 | D        | Reached ***** piety under Dithmenos
  1507 | D        | Reached skill level 4 in Dodging
  1515 | D        | Noticed an ice devil
  1515 | D        | Noticed a slime creature
  1515 | D        | Noticed a slime creature
  1515 | D        | Noticed a slime creature
  1839 | D        | Killed an ice devil
  1839 | D        | Reached skill level 6 in Dodging
  2202 | D        | Killed a slime creature
  2202 | D        | Reached skill level 7 in Dodging
  2202 | D        | Reached XP level 8. HP: 36/36 MP: 18/22
  2208 | D        | Killed a slime creature
  2208 | D        | Reached skill level 8 in Dodging
  2208 | D        | Reached skill level 10 in Spellcasting
  2211 | D        | Killed a slime creature
  2211 | D        | Reached skill level 10 in Short Blades
  2413 | D        | Noticed a flayed ghost
  2653 | D        | Killed a flayed ghost
  2653 | D        | Reached skill level 10 in Dodging
  2653 | D        | Reached XP level 9. HP: 39/39 MP: 19/25
  2793 | D        | Noticed an efreet
  2794 | D        | Noticed Psyche
  2796 | D        | Killed an efreet
  2799 | D        | Killed Psyche
  2799 | D        | Reached skill level 11 in Dodging
  2840 | D        | Noticed a guardian mummy
  2841 | D        | Noticed a death yak
  2842 | D        | Killed a guardian mummy
  2844 | D        | Killed a death yak
  2844 | D        | Reached skill level 12 in Dodging
  2844 | D        | Reached skill level 10 in Hexes
  3118 | D        | Reached skill level 5 in Conjurations
  3124 | D        | Noticed a deep elf mage
  3128 | D        | Killed a deep elf mage
  3128 | D        | Reached ****** piety under Dithmenos
  3128 | D        | Reached XP level 10. HP: 44/44 MP: 23/28
  3147 | D        | Reached skill level 13 in Dodging
  3180 | D        | Noticed an orange demon
  3181 | D        | Noticed a great orb of eyes
  3182 | D        | Killed an orange demon
  3183 | D        | Noticed a shadow wraith
  3183 | D        | Noticed a merfolk avatar
  3184 | D        | Killed a great orb of eyes
  3187 | D        | Killed a merfolk avatar
  3187 | D        | Reached skill level 14 in Dodging
  3189 | D        | Killed a shadow wraith
  3689 | D        | Reached skill level 15 in Dodging
  3697 | D        | Noticed an orc sorcerer
  3699 | D        | Noticed a deep elf mage
  3739 | D        | Killed a deep elf mage
  3739 | D        | Reached XP level 11. HP: 42/47 MP: 13/30
  3749 | D        | Killed an orc sorcerer
  3749 | D        | Reached skill level 15 in Spellcasting
  4209 | D        | Reached skill level 16 in Dodging
  4436 | D        | Noticed an unseen horror
  4445 | D        | Killed an unseen horror
  4445 | D        | Reached skill level 1 in Fighting
  4450 | D        | Noticed a flayed ghost
  4518 | D        | Killed a flayed ghost
  4901 | D        | Reached skill level 17 in Dodging
  4906 | D        | Noticed a merfolk avatar
  4910 | D        | Killed a merfolk avatar
  4920 | D        | Noticed a purple ugly thing
  4922 | D        | Killed a purple ugly thing
  5336 | D        | Noticed an alligator snapping turtle
  5337 | D        | Noticed an orc knight
  5337 | D        | Noticed an orc knight
  5337 | D        | Noticed an orc knight
  5357 | D        | Killed an alligator snapping turtle
  5680 | D        | Noticed an orc knight
  5680 | D        | Noticed an orc knight
  5680 | D        | Noticed an orc warlord
  5680 | D        | Noticed an orc warlord
  5680 | D        | Noticed an orc knight
  5680 | D        | Noticed an orc knight
  5680 | D        | Noticed an orc knight
  5716 | D        | Killed an orc knight
  5716 | D        | Reached skill level 18 in Dodging
  5744 | D        | Killed an orc knight
  5744 | D        | Reached skill level 5 in Fighting
  5744 | D        | Reached XP level 12. HP: 60/60 MP: 30/33
  5906 | D        | Noticed a vault guard
  5913 | D        | Killed a vault guard
  5929 | D        | Reached skill level 19 in Dodging
  5939 | D        | Killed an orc warlord
  5995 | D        | Killed an orc warlord
  5995 | D        | Reached skill level 20 in Dodging
  6388 | D        | Noticed a yaktaur captain
  6424 | D        | Reached skill level 21 in Dodging
  6429 | D        | Killed a yaktaur captain
  6549 | D        | Reached skill level 10 in Fighting
  6882 | D        | Noticed a naga warrior
  6902 | D        | Killed a naga warrior
  6935 | D        | Noticed a vault guard
  6939 | D        | Noticed a mummy priest
  6940 | D        | Killed a vault guard
  6940 | D        | Reached skill level 22 in Dodging
  6946 | D        | Killed a mummy priest
  6946 | D        | Reached skill level 5 in Bows
  7198 | D        | Noticed a naga warrior
  7199 | D        | Noticed a catoblepas
  7200 | D        | Noticed a vault guard
  7200 | D        | Noticed a ghost moth
  7200 | D        | Noticed a yaktaur captain
  7201 | D        | Killed a vault guard
  7202 | D        | Killed a naga warrior
  7203 | D        | Killed a catoblepas
  7203 | D        | Reached XP level 13. HP: 72/72 MP: 30/35
  7205 | D        | Killed a ghost moth
  7218 | D        | Reached skill level 23 in Dodging
  7508 | D        | Got the +10 short sword "Pebluso" {vamp, rPois}
  7552 | D        | Got the +0 robe of the Apprentice {Int+3}
  7687 | D        | Noticed a deep elf annihilator
  7688 | D        | Noticed a green draconian
  7688 | D        | Noticed a merfolk javelineer
  7717 | D        | Reached skill level 1 in Armour
  8432 | D        | Killed a merfolk javelineer
  8432 | D        | Reached skill level 10 in Bows
  8906 | D        | Killed a deep elf annihilator
  9244 | D        | Learned a level 3 spell: Gell's Gravitas
  9248 | D        | Learned a level 3 spell: Tukima's Dance
  9299 | D        | Reached skill level 1 in Shields
  9301 | D        | Noticed an emperor scorpion
  9302 | D        | Killed an emperor scorpion
  9302 | D        | Reached skill level 5 in Armour
  9302 | D        | Reached skill level 24 in Dodging
  9314 | D        | Noticed a daeva
  9612 | D        | Learned a level 5 spell: Metabolic Englaciation
  9804 | D        | Noticed a merfolk impaler
  9809 | D        | Killed a merfolk impaler
  9854 | D        | Killed a daeva
  9854 | D        | Reached skill level 25 in Dodging
 10046 | D        | Noticed a mummy priest
 10530 | D        | Killed a mummy priest
 10530 | D        | Reached skill level 5 in Shields
 10530 | D        | Noticed a reaper
 10544 | D        | Slain by a reaper

Skill      XL: |  1  2  3  4  5  6  7  8  9 10 11 12 13 |
---------------+----------------------------------------+-----
Stealth        | 6 8 15 16 18 | 18.0
Spellcasting   | 3 4 5 8 9 11 13 14 16 17 | 17.0
Hexes          | 4 5 6 7 8 11 13 14 | 14.2
Short Blades   | 5 8 10 | 10.2
Dodging        | 7 10 12 15 18 22 25 | 25.4
Conjurations   | 2 5 7 9 |  9.9
Fighting       | 5 10 | 10.0
Bows           | 7 10 | 10.8
Armour         | 7 |  7.9
Shields        | 5 |  5.1

Action                   |  1- 3 |  4- 6 |  7- 9 | 10-12 | 13-15 || total
-------------------------+-------+-------+-------+-------+-------++-------
Melee: Dagger            |    14 |    27 |    27 |   124 |    26 ||   218
       Short sword       |       |       |       |       |    46 ||    46
 Fire: Shortbow          |       |       |       |       |     3 ||     3
Throw: Stone             |     1 |     2 |       |     9 |       ||    12
 Cast: Ensorcelled Hiber |     4 |     6 |     6 |    53 |    39 ||   108
       Confuse           |       |    11 |     6 |    22 |    16 ||    55
       Dazzling Spray    |       |       |     1 |    15 |    51 ||    67
       Corona            |       |       |       |     1 |       ||     1
Invok: Shadow Step       |     1 |       |     6 |    25 |     6 ||    38
  Use: Potion            |       |     1 |       |       |     5 ||     6
       Scroll            |       |       |       |       |     1 ||     1
 Stab: Sleeping          |     8 |     3 |    19 |    55 |    22 ||   107
       Confused          |       |     3 |     1 |    17 |     7 ||    28
       Invisible         |       |       |     2 |     3 |     4 ||     9
  Eat: Fruit             |       |       |     7 |       |     4 ||    11
       Pizza             |       |       |       |       |     1 ||     1
Armor: Robe              |     1 |     5 |     1 |       |     1 ||     8
       Swamp dragon scal |       |       |       |       |     8 ||     8
Dodge: Dodged            |     5 |    40 |    16 |    34 |   137 ||   232
